 Dungeon Sprint DCSS version 0.20-a0-309-gcba9277 (webtiles) character file.

8800000 profreshinal the Intangible (level 27, -9/323 HPs)
             Began as a Troll Earth Elementalist on Dec 19, 2016.
             Was the Champion of Makhleb.
             Mangled by a reaper
             ... wielding a +4 scythe of freezing
             ... summoned by an accursed's death curse
              (49 damage)
             ... in the Dungeon (Sprint VIII: "Arena of Blood").
             The game lasted 00:16:04 (88 turns).

profreshinal the Intangible (TrEE)                    Turns: 88, Time: 00:16:04

Health: -9/323     AC:  7    Str: 24    XL:     27
Magic:  33/53      EV: 22    Int: 20    God:    Makhleb [******]
Gold:   0          SH:  0    Dex: 10    Spells: 79/80 levels left

rFire  . . .     SeeInvis .     a - +∞ Axe of Woe
rCold  . . .     Gourm    +     c - +0 robe
rNeg   . . .     Faith    .     (shield currently unavailable)
rPois  .         Spirit   .     (helmet restricted)
rElec  .         Reflect  .     (no cloak)
rCorr  .         Harm     .     (gloves unavailable)
MR     ++...     NoTele   +     (boots unavailable)
Stlth  +++++++++.               (no amulet)
                                o - +250 ring of slaying
                                n - +200 ring of slaying

@: slowed, very slow
A: unfitting armour, claws 3, fast metabolism 3, gourmand, regeneration 1,
shaggy fur 1, tough skin 2
a: Minor Destruction, Lesser Servant of Makhleb, Major Destruction, Greater
Servant of Makhleb, Renounce Religion


You were in the Dungeon.
You worshipped Makhleb.
Makhleb was exalted by your worship.
You were not hungry.

You visited 1 branch

Inventory:

Hand Weapons
 a - the +∞ Axe of Woe (weapon)
   (You found it in the Dungeon)
Missiles
 b - 20 stones (quivered)
Armour
 c - a +0 robe (worn)
Jewellery
 l - a +30 ring of slaying
 m - a +30 ring of slaying
 n - a +200 ring of slaying (left claw)
 o - a +250 ring of slaying (right claw)
Scrolls
 j - a scroll of blinking
Potions
 e - a potion of curing
 f - a potion of heal wounds
 g - a potion of haste
 h - 2 potions of magic
 i - a potion of berserk rage
Books
 k - a book of Geomancy

   Spells                             Type                      Level
   a - Sandblast                      Earth                        1
   b - Passwall                       Transmutation/Earth          2
   c - Stone Arrow                    Conjuration/Earth            3
   d - Petrify                        Transmutation/Earth          4
   e - Lee's Rapid Deconstruction     Earth                        5
Comestibles
 d - 2 bread rations


   Skills:
 O Level 27 Fighting
 O Level 27 Axes
 O Level 27 Throwing
 O Level 27 Armour
 O Level 27 Dodging
 O Level 27 Stealth
 O Level 27 Unarmed Combat
 O Level 27 Spellcasting
   Level 0.6 Transmutations
 O Level 27 Earth Magic
 O Level 27 Invocations


You had 79 spell levels left.
You knew the following spells:

 Your Spells              Type           Power        Failure   Level  Hunger
a - Sandblast             Erth           ######       0%          1    None


Dungeon Overview and Level Annotations

Branches:
Dungeon (1/1)

Altars:
Makhleb

Annotations:
D The Servant


Innate Abilities, Weirdness & Mutations

You are too large for most types of armour.
You have claws for hands.
Your metabolism is lightning-fast.
You like to eat raw meat.
Your natural rate of healing is unusually fast.
You are covered in fur. (AC +1)
You have very tough skin. (AC +2)


Message History

You kill the bag of meat!
Makhleb accepts your kill.
You feel better.
You chop the large abomination into pieces!!!
You butcher the large abomination messily.
You destroy the large abomination!
You are engulfed in roaring flames.
* * * LOW HITPOINT WARNING * * *
The large abomination disappears in a puff of smoke! x2
You hear a shout! x3
The tyrant gestures wildly while chanting. x2
The tyrant seems to speed up.
The tyrant mumbles some strange words.
The Servant hits you from afar with a +9 glaive of flaming!!!
* * * LOW HITPOINT WARNING * * *
The Servant burns you!
* * * LOW HITPOINT WARNING * * *
The reaper is engulfed in roaring flames.
The reaper hits you from afar with a scythe of freezing!!!
You die...

#.......#.........o.
#.......# .X...M....#
###.....))###XX...x....
.....###)))...XL.Oox.###
......_.)))...)X..oW....
...#...))#%W)WXLo#o#o..
#_)<._#...X.O§§2o§..
#.....#%..%@o#§#o#...
....._...L%..§§@§§o....
.....###......%§§#§#.#..
###.......###%§§.O...
#.......#.%..........
#.......#.%%%%..2....#
..... .%%.%%.........
§.%%.%#...#.....
.....#....#....


You could see a tentacled monstrosity, a meat beast, 3 tyrants, a reaper, The
Servant, a large bag of meat (inner flame), 6 large abominations, 3 dreads, a
meat berserker (berserk), 8 bags of meat and a crawling corpse.

Vanquished Creatures
  3 hell beasts (D)
  3 greater mummies (D)
  3 wraiths (D)
  17 vampire knights (D)
  36 ogres (D)
  11 two-headed ogres (D)
  3 liches (D)
  86 orcs (D)
  6 skeletal warriors (D)
  10 large abominations (D)
  8 small abominations (D)
  12 crawling corpses (D)
198 creatures vanquished.

Vanquished Creatures (others)
  An orc (D)
  A small abomination (D)
  6 crawling corpses (D)
8 creatures vanquished.

Grand Total: 206 creatures vanquished

Notes
Turn   | Place    | Note
-------+----------+-------------------------------------------
     0 | D        | profreshinal the Troll Earth Elementalist began the quest for the Orb.
     0 | D        | Reached XP level 1. HP: 16/16 MP: 1/1
     2 | D        | Noticed a bag of meat
     2 | D        | Noticed a meat berserker
     3 | D        | Became a worshipper of Makhleb the Destroyer
     6 | D        | Noticed a bag of meat
     7 | D        | Noticed a bag of meat
     7 | D        | Killed a meat berserker
     7 | D        | Reached XP level 2. HP: 24/24 MP: 2/2
     7 | D        | Reached XP level 3. HP: 31/31 MP: 3/3
     7 | D        | Reached XP level 4. HP: 39/39 MP: 4/4
     7 | D        | Reached XP level 5. HP: 45/45 MP: 5/5
     7 | D        | Reached XP level 6. HP: 53/53 MP: 6/6
     7 | D        | Reached XP level 7. HP: 59/59 MP: 7/7
     7 | D        | Reached XP level 8. HP: 67/67 MP: 8/8
     7 | D        | Reached XP level 9. HP: 74/74 MP: 9/9
     7 | D        | Reached XP level 10. HP: 81/81 MP: 10/10
     7 | D        | Reached XP level 11. HP: 88/88 MP: 11/11
     7 | D        | Reached XP level 12. HP: 96/96 MP: 12/12
     7 | D        | Reached XP level 13. HP: 102/102 MP: 13/13
     8 | D        | Noticed a bag of meat
     8 | D        | Noticed a meat berserker
     8 | D        | Noticed a bag of meat
     8 | D        | Noticed a meat berserker
     8 | D        | Noticed a meat berserker
     9 | D        | Noticed a bag of meat
     9 | D        | Noticed a bag of meat
     9 | D        | Noticed a bag of meat
    10 | D        | Killed a meat berserker
    10 | D        | Reached * piety under Makhleb
    10 | D        | Reached XP level 14. HP: 110/110 MP: 14/14
    10 | D        | Killed a bag of meat
    11 | D        | Noticed a bag of meat
    11 | D        | Killed a meat berserker
    11 | D        | Reached XP level 15. HP: 117/117 MP: 15/15
    11 | D        | Reached ** piety under Makhleb
    12 | D        | Noticed a meat berserker
    13 | D        | Killed a meat berserker
    13 | D        | Reached skill level 27 in Axes
    13 | D        | Reached skill level 27 in Dodging
    13 | D        | Reached skill level 5 in Fighting
    13 | D        | Reached XP level 16. HP: 143/143 MP: 15/21
    14 | D        | Noticed a meat berserker
    14 | D        | Noticed a meat berserker
    14 | D        | Noticed a meat berserker
    16 | D        | Reached *** piety under Makhleb
    16 | D        | Reached skill level 10 in Invocations
    16 | D        | Reached XP level 17. HP: 165/165 MP: 15/27
    17 | D        | Killed a meat berserker
    17 | D        | Reached skill level 10 in Stealth
    17 | D        | Reached skill level 10 in Spellcasting
    17 | D        | Reached **** piety under Makhleb
    17 | D        | Reached skill level 15 in Earth Magic
    17 | D        | Reached skill level 15 in Invocations
    17 | D        | Reached XP level 18. HP: 189/189 MP: 15/32
    19 | D        | Noticed a meat berserker
    19 | D        | Noticed a meat berserker
    19 | D        | Killed a meat berserker
    19 | D        | Reached skill level 15 in Fighting
    19 | D        | Reached XP level 19. HP: 209/209 MP: 15/36
    19 | D        | Reached ***** piety under Makhleb
    19 | D        | Reached skill level 15 in Stealth
    19 | D        | Reached skill level 15 in Spellcasting
    20 | D        | Noticed a meat berserker
    20 | D        | Noticed a meat berserker
    20 | D        | Killed a meat berserker
    21 | D        | Killed a meat berserker
    21 | D        | Reached XP level 20. HP: 231/231 MP: 16/39
    22 | D        | Killed a meat berserker
    23 | D        | Noticed a destroyer
    24 | D        | Reached ****** piety under Makhleb
    24 | D        | Reached XP level 21. HP: 224/249 MP: 16/42
    26 | D        | Noticed a destroyer
    27 | D        | Reached skill level 27 in Earth Magic
    27 | D        | Reached skill level 27 in Invocations
    27 | D        | Reached XP level 22. HP: 270/270 MP: 17/46
    27 | D        | Reached skill level 27 in Fighting
    29 | D        | Killed a destroyer
    29 | D        | Reached XP level 23. HP: 284/284 MP: 18/51
    31 | D        | Killed a destroyer
    31 | D        | Reached skill level 27 in Stealth
    31 | D        | Reached skill level 27 in Spellcasting
    33 | D        | Noticed a large bag of meat
    33 | D        | Reached XP level 24. HP: 295/295 MP: 19/53
    35 | D        | Reached skill level 27 in Armour
    35 | D        | Reached skill level 5 in Throwing
    36 | D        | Noticed The Servant
    37 | D        | Noticed a destroyer
    37 | D        | Noticed a destroyer
    40 | D        | Noticed a destroyer
    40 | D        | Noticed a large bag of meat
    42 | D        | Noticed a large bag of meat
    42 | D        | Killed a destroyer
    42 | D        | Reached XP level 25. HP: 304/304 MP: 21/53
    43 | D        | Noticed a large bag of meat
    43 | D        | Noticed a destroyer
    44 | D        | Noticed a destroyer
    44 | D        | Noticed a large bag of meat
    46 | D        | Noticed a tyrant
    46 | D        | Killed a large bag of meat
    47 | D        | Killed a destroyer
    47 | D        | Reached skill level 27 in Throwing
    47 | D        | Reached skill level 27 in Unarmed Combat
    48 | D        | Killed a destroyer
    48 | D        | Reached XP level 26. HP: 314/314 MP: 23/53
    48 | D        | Killed a large bag of meat
    49 | D        | Noticed a destroyer
    49 | D        | Killed a destroyer
    50 | D        | Reached XP level 27. HP: 323/323 MP: 23/53
    51 | D        | Noticed a destroyer
    51 | D        | Killed a large bag of meat
    52 | D        | Noticed a destroyer
    52 | D        | Noticed a tyrant
    53 | D        | Noticed a large bag of meat
    54 | D        | Killed a destroyer
    56 | D        | Noticed a destroyer
    56 | D        | Noticed a destroyer
    57 | D        | Noticed a destroyer
    57 | D        | Killed a tyrant
    58 | D        | Killed a destroyer
    58 | D        | Killed a large bag of meat
    59 | D        | Noticed an accursed
    59 | D        | Noticed a destroyer
    59 | D        | Noticed an accursed
    59 | D        | Killed a large bag of meat
    60 | D        | Noticed an accursed
    60 | D        | Killed a destroyer
    60 | D        | Killed a destroyer
    60 | D        | Killed a destroyer
    61 | D        | Killed a destroyer
    62 | D        | Noticed a large bag of meat
    62 | D        | Noticed a dread
    63 | D        | Noticed a large bag of meat
    63 | D        | Noticed a destroyer
    65 | D        | Killed a tyrant
    66 | D        | Killed a large bag of meat
    67 | D        | Killed a destroyer
    67 | D        | Noticed a tyrant
    69 | D        | Noticed a dread
    69 | D        | Noticed a large bag of meat
    69 | D        | Noticed a large bag of meat
    69 | D        | Noticed a dread
    69 | D        | Killed a destroyer
    70 | D        | Killed a dread
    71 | D        | Noticed a meat beast
    72 | D        | Noticed a meat beast
    72 | D        | Noticed a dread
    74 | D        | Noticed a tyrant
    75 | D        | Killed an accursed
    75 | D        | Killed a destroyer
    76 | D        | Killed a meat beast
    77 | D        | Killed a tyrant
    77 | D        | Killed a dread
    77 | D        | Killed a dread
    78 | D        | Killed an accursed
    78 | D        | Killed a large bag of meat
    79 | D        | Noticed a large bag of meat
    79 | D        | Noticed a destroyer
    79 | D        | Killed a meat beast
    79 | D        | Killed a large bag of meat
    80 | D        | Noticed a destroyer
    80 | D        | Noticed a large bag of meat
    80 | D        | Killed a large bag of meat
    81 | D        | Noticed a dread
    81 | D        | Killed a destroyer
    82 | D        | Noticed a meat beast
    82 | D        | Noticed a tyrant
    82 | D        | Killed an accursed
    83 | D        | Killed a meat beast
    86 | D        | Killed a large bag of meat
    86 | D        | HP: 11/323 [large bag of meat/exploding inner flame (42)]
    86 | D        | Killed a destroyer
    87 | D        | Noticed a dread
    87 | D        | Noticed a tyrant
    87 | D        | Killed a large bag of meat
    88 | D        | Noticed a meat beast
    88 | D        | Mangled by a reaper

Vault maps used:
D:        meatsprint

Skill      XL: |  1  2  3  4  5  6  7  8  9 10 11 12 13 14 15 16 17 18 19 20 21 22 23 24 25 |
---------------+----------------------------------------------------------------------------+-----
Axes           | 19 22 25 27 | 27.0
Dodging        | 19 22 25 27 | 27.0
Fighting       | 5 9 14 17 20 23 26 27 | 27.0
Stealth        | 4 7 11 13 16 18 21 25 27 | 27.0
Spellcasting   | 4 7 11 14 16 18 21 25 27 | 27.0
Earth Magic    | 6 11 15 18 22 24 27 | 27.0
Invocations    | 6 10 15 18 22 24 27 | 27.0
Armour         | 22 27 | 27.0
Throwing       | 21 27 | 27.0
Unarmed Combat | 22 27 | 27.0
Transmutations | |  0.6

Action                   |  1- 3 |  4- 6 |  7- 9 | 10-12 | 13-15 | 16-18 | 19-21 | 22-24 | 25-27 || total
-------------------------+-------+-------+-------+-------+-------+-------+-------+-------+-------++-------
Melee: Executioner's axe |     1 |       |       |       |     3 |     3 |     6 |     6 |    39 ||    58
Invok: Greater Servant o |       |       |       |       |       |       |     1 |       |       ||     1
Armor: Robe              |       |       |       |       |       |     1 |       |       |     1 ||     2
Dodge: Dodged            |       |       |       |       |       |     1 |       |       |     9 ||    10
